 Dungeon Crawl Stone Soup version 0.17-a0-1115-g0372368 (webtiles) character file.

6448 ataraxiacalls the Fighter (level 10, -1/127 HPs)
             Began as a Demonspawn Gladiator on May 22, 2015.
             Was an Elder of Okawaru.
             Killed from afar by an ice dragon (38 damage)
             ... with a blast of cold
             ... on level 2 of the Orcish Mines.
             The game lasted 00:45:14 (8907 turns).

ataraxiacalls the Fighter (Demonspawn Gladiator)    Turns: 8907, Time: 00:45:14

Health: -1/127     AC: 10    Str: 25    XL:     10   Next: 67%
Magic:  2/3        EV: 17    Int: 10    God:    Okawaru [****..]
Gold:   1072       SH:  0    Dex: 17    Spells: 0 memorised, 9 levels left

rFire  + + .     SeeInvis .     s - +3 morningstar of the Tomato {antimagic, rF++ Str+3}
rCold  . . .     Clarity  .     w - +1 scale mail
rNeg   + . .     SustAt   .     (no shield)
rPois  .         Gourm    .     A - +1 helmet
rElec  .         Spirit   .     (no cloak)
rCorr  +         Warding  .     (no gloves)
rMut   .         Rnd*Tele +     (no boots)
MR     .....                    v - amulet of resist corrosion
Stlth  ..........               (no ring)
                                y - ring of positive energy

@: berserking, heroism, very quick, not resistant to hostile enchantments,
extremely unstealthy
A: claws 2, talons 1, repulsion field 1, agile 1, nightstalker 2, spiny 2,
teleportitis 1, evolution 1
a: Heroism, Renounce Religion


You were on level 2 of the Orcish Mines.
You worshipped Okawaru.
Okawaru was greatly pleased with you.
You were not hungry.

You visited 3 branches of the dungeon, and saw 12 of its levels.
You also visited: Ossuary.

You collected 1072 gold pieces.

Inventory:

Hand weapons
 a - a +1 war axe
 c - the +2 mace of Disaster {holy, rPois rC+ rN+ Int+3, unknown}
   (You found it on level 9 of the Dungeon)

   It has been blessed by the Shining One to cause great damage to the undead
   and demons.
   It affects your intelligence (+3).
   It protects you from cold.
   It protects you from poison.
   It protects you from negative energy.
 s - the +3 morningstar of the Tomato (weapon) {antimagic, rF++ Str+3}
   (You found it on level 7 of the Dungeon)

   It disrupts the flow of magical energy around spellcasters and certain
   magical creatures (including the wielder).
   It affects your strength (+3).
   It greatly protects you from fire.
 t - a +2 battleaxe
 C - a +0 blowgun
 F - a +2 hand axe
Missiles
 d - 5 throwing nets
 o - 4 javelins (quivered)
 D - 16 poisoned needles
Armour
 w - a +1 scale mail (worn)
 A - a +1 helmet (worn)
 I - a +0 plate armour
Jewellery
 v - an amulet of resist corrosion (around neck)
 y - a ring of positive energy (left claw)
Magical devices
 j - a wand of teleportation (7)
Scrolls
 b - a scroll of random uselessness {unknown}
 g - 8 scrolls of identify
 i - 2 scrolls of remove curse
 l - a scroll of immolation {unknown}
 m - 4 scrolls of magic mapping
 r - 2 scrolls of recharging
 B - 2 scrolls of amnesia
Potions
 f - 4 potions of brilliance
 h - a potion of magic
 q - 2 potions of heal wounds
 x - 5 potions of curing
 E - a potion of agility
 H - a potion of resistance
 J - a potion of haste
 K - a potion of flight {unknown}
Books
 e - a book of Enchantments

   Spells                             Type                      Level
   a - Cause Fear                     Hexes                        4
   b - Silence                        Hexes/Air                    5
   c - Deflect Missiles               Charms/Air                   6
   d - Haste                          Charms                       6
   e - Discord                        Hexes                        8
 n - a book of Ice

   Spells                             Type                      Level
   a - Ice Form                       Ice/Transmutation            4
   b - Metabolic Englaciation         Hexes/Ice                    5
   c - Ozocubu's Refrigeration        Ice                          6
   d - Bolt of Cold                   Conjuration/Ice              6
   e - Freezing Cloud                 Conjuration/Ice/Air          6
   f - Simulacrum                     Ice/Necromancy               6
 G - a book of Callings

   Spells                             Type                      Level
   a - Summon Small Mammal            Summoning                    1
   b - Call Imp                       Summoning                    2
   c - Call Canine Familiar           Summoning                    3
   d - Summon Guardian Golem          Hexes/Summoning              3
   e - Summon Lightning Spire         Summoning/Air                4
   f - Summon Ice Beast               Ice/Summoning                4
Comestibles
 k - a bread ration
 p - a meat ration
 u - a royal jelly
 L - 3 fruits


   Skills:
 + Level 10.2(15.2) Fighting
 * Level 10.0(15.7) Axes
 + Level 6.1(13.9) Maces & Flails
 - Level 3.1(8.1) Throwing
 - Level 2.6(7.6) Dodging


You had 9 spell levels left.
You didn't know any spells.

Dungeon Overview and Level Annotations

Branches:
Dungeon (9/15)             Temple (1/1) D:6            Lair (0/8) D:8
    Orc (2/4) D:9

Altars:
Ashenzari
Cheibriados
Dithmenos
Elyvilon
Fedhas
Gozag
Kikubaaqudgha
Makhleb
Nemelex Xobeh
Okawaru
Qazlal
Ru
Sif Muna
Trog
Vehumet
Xom
Yredelemnul
Zin
The Shining One
Beogh

Shops:
D:8 [

Portals:
Ice
Cave: Orc:2


Innate Abilities, Weirdness & Mutations

You have very sharp fingernails.
You are surrounded by a mild repulsion field (EV +2).
You are significantly more attuned to the shadows.
You are mostly covered in sharp spines.
You have sharp toenails.
You are agile. (Dex +2)
You are occasionally teleported to nearby monsters.
You evolve.


Message History

Okay, then.
Drink which item? (? for menu, Esc to quit)
A red film seems to cover your vision as you go berserk!
You feel yourself moving faster!
You feel mighty!
The polar bear is struck by your spines.
The polar bear barely misses you. x2
The polar bear completely misses you.
You bludgeon the polar bear!! You claw the polar bear.
The polar bear is almost dead.
You puncture the polar bear!
You kill the polar bear!
Okawaru accepts your kill.
Your base Axes skill increases to level 10!
You hit the ice dragon. You claw the ice dragon!
The ice dragon is lightly wounded.
You hit the ice dragon. Your kick misses the ice dragon.
The ice dragon is moderately wounded.
The ice dragon breathes frost at you. The blast of cold hits you!
You die...

##...)...####..###
##....#####.....##
##..#.##........#
#.........#...##
########.#.....##
# #####....# ..#
####.#.##
....###.##..###
∩...hD@#.#..#.##
...#.####......# .
## ##....## ##..##
####


You could see an ice dragon and a polar bear.

Vanquished Creatures
  Erica (D:8)
  2 trolls (D:9)
  2 polar bears (Orc:2)
  3 yaks (Orc:2)
  Eustachio (D:5)
  A hungry ghost (D:8)
  The ghost of ataraxiacalls the Chopper, an average DsGl (D:6)
  A hippogriff (D:8)
  A deep elf fighter (D:8)
  A warg (Orc:1)
  The ghost of miek the Cutter, an average KoAr of Dithmenos (D:3)
  A wolf (Orc:2)
  An ice beast (D:6)
  3 sky beasts
  2 ogres
  4 orc warriors
  4 centaurs
  A necrophage (D:9)
  3 giant frogs
  A wyvern zombie (D:7)
  4 killer bees (D:8)
  5 wights
  6 orc priests
  3 crimson imps
  A giant frog zombie (D:7)
  2 iguanas
  A centaur skeleton (D:6)
  5 hounds
  6 orc wizards
  Jessica (D:2)
  A quasit (D:9)
  6 worker ants
  A big kobold zombie (Ossuary)
  3 hound skeletons
  8 mummies (Ossuary)
  9 adders
  8 gnolls
  4 river rats (D:8)
  4 shadow imps
  A white imp (D:5)
  2 ufetubi (D:5)
  An ooze (D:5)
  2 adder zombies (D:9)
  3 worms
  2 giant geckos
  39 orcs
  2 bat skeletons
  A giant cockroach (D:1)
  2 gnoll zombies (Ossuary)
  16 hobgoblins
  8 jackals
  16 kobolds
  8 quokkas
  3 ball pythons
  26 bats
  A giant gecko skeleton (D:7)
  2 giant newts
  14 goblins
  3 hobgoblin zombies (Ossuary)
  2 kobold zombies (Ossuary)
  30 rats
297 creatures vanquished.

Vanquished Creatures (others)
  2 fungi (D:8)
2 creatures vanquished.

Grand Total: 299 creatures vanquished

Notes
Turn   | Place    | Note
--------------------------------------------------------------
     0 | D:1      | ataraxiacalls the Demonspawn Gladiator began the quest for the Orb.
     0 | D:1      | Reached XP level 1. HP: 16/16 MP: 1/1
   109 | D:1      | Reached skill level 3 in Axes
   109 | D:1      | Gained mutation: You are partially covered in sharp spines. [demonic ancestry]
   109 | D:1      | Reached XP level 2. HP: 2/23 MP: 2/2
  1184 | D:2      | Noticed Jessica
  1191 | D:2      | Killed Jessica
  1191 | D:2      | Gained mutation: You have sharp fingernails. [demonic ancestry]
  1191 | D:2      | Reached XP level 3. HP: 25/28 MP: 3/3
  1221 | D:2      | Reached skill level 4 in Axes
  1222 | D:2      | Reached XP level 4. HP: 27/34 MP: 4/4
  1253 | D:2      | Found a shadowy altar of Dithmenos.
  1709 | D:3      | Noticed miek's ghost (average KoAr)
  1740 | D:3      | Gained mutation: You have very sharp fingernails. [demonic ancestry]
  1740 | D:3      | Reached XP level 5. HP: 23/41 MP: 5/5
  2119 | D:3      | Killed miek's ghost
  2119 | D:3      | Reached skill level 5 in Axes
  2349 | D:3      | Found a stormy altar of Qazlal.
  2359 | D:3      | Gained mutation: You are slightly more attuned to the shadows. [demonic ancestry]
  2359 | D:3      | Reached XP level 6. HP: 48/48 MP: 6/6
  2916 | D:4      | Reached skill level 6 in Axes
  3176 | D:4      | Reached XP level 7. HP: 48/55 MP: 7/7
  3669 | D:5      | Entered Level 5 of the Dungeon
  3713 | D:5      | Found a glowing golden altar of the Shining One.
  3742 | D:5      | Reached skill level 5 in Fighting
  4342 | D:5      | Noticed Eustachio
  4354 | D:5      | Reached skill level 7 in Axes
  4358 | D:5      | Killed Eustachio
  4631 | D:6      | Gained mutation: You are mostly covered in sharp spines. [demonic ancestry]
  4631 | D:6      | Reached XP level 8. HP: 57/63 MP: 8/8
  4657 | D:6      | Noticed ataraxiacalls's ghost (average DsGl)
  4669 | D:6      | Killed ataraxiacalls's ghost
  4669 | D:6      | Reached skill level 8 in Axes
  4933 | D:6      | Found a sand-covered staircase.
  4938 | Ossuary  | Entered an ossuary
  5328 | Ossuary  | Gained mutation: You are agile. (Dex +2) [potion of beneficial mutation]
  5330 | Ossuary  | Gained mutation: You are occasionally teleported to nearby monsters. [potion of mutation]
  5330 | Ossuary  | Gained mutation: You evolve. [potion of mutation]
  5404 | D:6      | Found a blossoming altar of Fedhas.
  5411 | D:6      | Found a basalt altar of Yredelemnul.
  5425 | D:6      | Found a bloodstained altar of Trog.
  5428 | D:6      | Found a snail-covered altar of Cheibriados.
  5518 | D:6      | Found a staircase to the Ecumenical Temple.
  5528 | Temple   | Entered the Ecumenical Temple
  5747 | Temple   | Became a worshipper of Warmaster Okawaru
  5845 | D:6      | Reached skill level 9 in Axes
  6061 | D:6      | Gained mutation: You have sharp toenails. [evolution]
  6530 | D:7      | Acquired Okawaru's first power
  6535 | D:7      | Got a brightly glowing morningstar
  6537 | D:7      | Identified the +3 morningstar of the Tomato {antimagic, rF++ Str+3} (You found it on level 7 of the Dungeon)
  6577 | D:7      | Gained mutation: You are surrounded by a mild repulsion field (EV +2). [demonic ancestry]
  6577 | D:7      | Reached XP level 9. HP: 55/71 MP: 3/9
  7095 | D:8      | Noticed Erica
  7261 | D:8      | Killed Erica
  7426 | D:8      | Found a staircase to the Lair.
  7551 | D:8      | Found Wiugol's Armour Shop.
  7599 | D:8      | Gained mutation: You are significantly more attuned to the shadows. [demonic ancestry]
  7599 | D:8      | Reached XP level 10. HP: 78/83 MP: 1/10
  7808 | D:8      | Reached skill level 5 in Maces & Flails
  7821 | D:8      | Found a white marble altar of Elyvilon.
  8080 | D:9      | Got a faintly glowing mace
  8174 | D:9      | Found a staircase to the Orcish Mines.
  8419 | Orc:1    | Entered Level 1 of the Orcish Mines
  8726 | Orc:1    | Found a bloodstained altar of Trog.
  8781 | Orc:2    | Found a roughly hewn altar of Beogh.
  8881 | Orc:2    | Noticed an ice dragon
  8882 | Orc:2    | Reached skill level 10 in Fighting
  8883 | Orc:2    | Found a frozen archway.
  8905 | Orc:2    | Reached skill level 10 in Axes
  8907 | Orc:2    | Killed from afar by an ice dragon

Vault maps used:
D:1:      onia_arrival_handbag, serial_corexii_hall, corexii_hall_statues_i,
          corexii_hall_statues_l
D:2:      grunt_dithmenos_smoke_and_mirrors, uniq_jessica
D:3:      nicolae_qazlal_general_emergency
D:4:      serial_bayou, serial_bayou_lake_a, serial_bayou_lagoon_a,
          serial_bayou_pond_e, serial_bayou_ford_a
D:5:      nicolae_tso_carved_into_rock, first_bread, minmay_misc_feat_tiny,
          kennysheep_big_empty_room, uniq_eustachio
D:6:      grunt_temple_overflow_cloverleaf, minmay_temple_entry_trees,
          enter_ossuary_2
D:8:      nicolae_overflow_hidden_temple, grunt_lair_entry_elf_guard_hut,
          serial_shops, shop, uniq_erica
D:9:      orc_0_dummy, serial_undead, serial_undead_a, serial_undead_c,
          serial_undead_b, serial_undead_c, serial_undead_e, serial_undead_f,
          serial_undead_e, serial_undead_d, hangedman_ranch, jiyva_altar_1
Temple:   dpeg_five_rooms_temple_12
Orc:1:    trog_book
Orc:2:    portal_ice_cave_entry_animals_and_master, basic_altar
Ossuary:  ossuary_tomb_3

Action                   |  1- 3 |  4- 6 |  7- 9 | 10-12 || total
-------------------------+-------+-------+-------+-------++-------
Melee: War axe           |    52 |    93 |   149 |       ||   294
       Morningstar       |       |       |   116 |   105 ||   221
       Battleaxe         |       |       |     6 |     5 ||    11
 Fire: Shortbow          |       |       |     4 |       ||     4
Throw: Javelin           |       |       |    12 |     2 ||    14
Invok: Heroism           |       |       |     1 |     1 ||     2
  Use: Scroll            |       |     2 |    11 |     1 ||    14
       Potion            |       |       |    17 |     2 ||    19
 Stab: Distracted        |       |       |     1 |     1 ||     2
       Fleeing           |       |       |       |     1 ||     1
  Eat: Chunk             |     1 |     1 |     4 |     1 ||     7
       Bread ration      |     1 |     1 |     1 |     1 ||     4
       Pizza             |       |       |     2 |       ||     2
       Fruit             |       |       |       |     3 ||     3
